 Dungeon Crawl Stone Soup version 0.17-a0-1637-g5d65775 (webtiles) character file.

170 kroki the Insei (level 5, -3/40 HPs)
             Began as a Draconian Transmuter on Aug 7, 2015.
             Killed from afar by an orc wizard (9 damage)
             ... with a puff of flame
             ... on level 3 of the Dungeon.
             The game lasted 00:03:19 (2432 turns).

kroki the Insei (Draconian Transmuter)              Turns: 2432, Time: 00:03:19

Health: -3/40      AC:  2    Str: 12    XL:     5   Next: 25%
Magic:  6/8        EV: 19    Int: 14    God:
Gold:   39         SH:  0    Dex: 17    Spells: 3 memorised, 2 levels left

rFire  . . .     SeeInvis .       - Unarmed
rCold  . . .     Clarity  .     (armour unavailable)
rNeg   . . .     SustAt   .     (shield currently unavailable)
rPois  x         Gourm    .     (helmet currently unavailable)
rElec  .         Spirit   .     (cloak currently unavailable)
rCorr  .         Warding  .     (gloves currently unavailable)
rMut   .         Stasis   .     (boots currently unavailable)
MR     .....                    (no amulet)
Stlth  ++........               (no ring)
                                (no ring)

@: spider-form (expiring), very slightly contaminated, hasted, very quick, not
resistant to hostile enchantments, unstealthy
A: unfitting armour, (cold-blooded), AC +5
a: End Transformation


You were on level 3 of the Dungeon.
You were hungry.
You were a venomous arachnid creature.
You visited 1 branch of the dungeon, and saw 3 of its levels.

You collected 39 gold pieces.

Inventory:

Missiles
 a - 38 arrows
 d - 4 poisoned needles
 j - a throwing net
 k - 55 stones (quivered)
Jewellery
 n - an uncursed ring of flight {unknown}
   (You found it on level 2 of the Dungeon)
Scrolls
 e - 3 scrolls of teleportation
 h - 3 scrolls of immolation {unknown}
 i - a scroll of identify {unknown}
 l - a scroll of remove curse {unknown}
Potions
 f - a potion of heal wounds
 p - a potion of lignification {unknown}
Books
 b - a book of Changes

   Spells                             Type                      Level
   a - Beastly Appendage              Transmutation                1
   b - Sticks to Snakes               Transmutation                2
   c - Spider Form                    Transmutation/Poison         3
   d - Ice Form                       Ice/Transmutation            4
   e - Blade Hands                    Transmutation                5
Comestibles
 c - 3 bread rations
 g - a meat ration
 m - 2 fruits


   Skills:
 - Level 1.1 Fighting
 - Level 1.7 Dodging
 + Level 5.1 Unarmed Combat
 - Level 2.0 Spellcasting
 + Level 2.0 Transmutations
 + Level 2.8 Poison Magic


You had 2 spell levels left.
You knew the following spells:

 Your Spells              Type           Power        Failure   Level  Hunger
a - Beastly Appendage     Trmt           #.....       28%         1    ##.....
b - Sticks to Snakes      Trmt           #.........   36%         2    ###....
c - Spider Form           Trmt/Pois      #.........   52%         3    ####...


Dungeon Overview and Level Annotations

Branches:
Dungeon (3/15)

Altars:


Innate Abilities, Weirdness & Mutations

((Your plain brown scales are hard (AC +5).))
Your body does not fit into most forms of armour.
((You are cold-blooded and may be slowed by cold attacks.))


Message History

The teleport trap disappears.
The gnoll disappears!
Found a stone staircase leading down.
A gnoll and an orc wizard come into view.
The rat twitches its whiskers.
The orc wizard shouts!
The hobgoblin hits you with a club.
A gnoll comes into view. It is wielding a whip.
Casting: Beastly Appendage
Confirm with . or Enter, or press ? or * to list all spells.
Your feet morph into talons.
The hobgoblin hits you but does no damage.
Unknown command.
Drink which item? (? for menu, Esc to quit)
It was a potion of haste.
You feel yourself speed up.
The orc wizard mumbles some strange words.
The orc wizard flickers and vanishes!
Deactivating autopickup; reactivate with Ctrl-A.
The hobgoblin hits you with a club.
You are very lightly contaminated with residual magic.
You barely miss the hobgoblin.
Casting: Beastly Appendage
Confirm with . or Enter, or press ? or * to list all spells.
Your talons disappear.
You turn into a venomous arachnid creature.
The hobgoblin hits you with a club.
You bite the hobgoblin!
You kill the hobgoblin!
You hear some strange, mumbled words.
The rat closely misses you.
You see here a club.
You hit the rat.
The rat is poisoned.
The rat is heavily wounded.
You hit the rat.
You kill the rat!
You hear some strange, mumbled words.
A magic dart appears from out of thin air!
The magic dart hits you! Something hits you but does no damage.
You see here a rat corpse.
You barely miss something.
The gnoll hits you from afar with a spear.
You hit something. Something hits you but does no damage.
You barely miss something.
You hear some strange, mumbled words.
A magic dart appears from out of thin air!
The magic dart hits you!
The gnoll hits you from afar with a spear!
You completely miss something.
Your transformation is almost over.
Something hits you but does no damage. The gnoll misses you.
You miss something. Something hits you.
* * * LOW HITPOINT WARNING * * *
You hit something but do no damage. Something hits you.
* * * LOW HITPOINT WARNING * * *
The gnoll completely misses you.
Unknown command.
You see here a club. 2 orcs come into view.
You are feeling hungry.
The orc shouts! x2
The gnoll shouts!
You hear some strange, mumbled words.
A puff of flame appears from out of thin air!
The puff of flame hits you!
You die...

# #..# #.#
#..#####..####g#
#.......o......#
#........g######
########..# #..#
#..# #..#
####.s#
#######.....#
............###
#######.##......
............####
#######.###.#
#.# #.# #.# #.#
#.# #.#


You could see a gnoll and an orc.

Vanquished Creatures
  The ghost of Ajdolov the Gusty, an average TeAE (D:3)
  An adder (D:2)
  A gnoll (D:1)
  2 worms (D:2)
  A giant gecko (D:1)
  An orc (D:3)
  4 bats
  3 giant cockroaches
  5 goblins
  5 hobgoblins
  3 giant newts (D:2)
  2 kobolds
  A quokka (D:2)
  11 rats
41 creatures vanquished.

Notes
Turn   | Place    | Note
--------------------------------------------------------------
     0 | D:1      | kroki the Draconian Transmuter began the quest for the Orb.
     0 | D:1      | Reached XP level 1. HP: 16/16 MP: 3/3
   374 | D:1      | Reached XP level 2. HP: 23/23 MP: 5/5
   577 | D:1      | Reached skill level 4 in Unarmed Combat
   768 | D:1      | Reached XP level 3. HP: 28/28 MP: 6/6
   887 | D:1      | Learned a level 2 spell: Sticks to Snakes
   891 | D:1      | Learned a level 3 spell: Spider Form
  1558 | D:2      | Reached skill level 1 in Poison Magic
  2093 | D:3      | Noticed Ajdolov's ghost (average TeAE)
  2113 | D:2      | HP: 1/28 [poisoned by an orc]
  2142 | D:3      | Killed Ajdolov's ghost
  2142 | D:3      | Reached skill level 5 in Unarmed Combat
  2142 | D:3      | Reached skill level 2 in Poison Magic
  2142 | D:3      | Reached XP level 4. HP: 20/35 MP: 5/7
  2142 | D:3      | Reached XP level 5. HP: 22/40 MP: 5/8
  2432 | D:3      | Killed from afar by an orc wizard

Vault maps used:
D:1:      saegor_arrival_simple_e
D:2:      kennysheep_big_flooded_room, minmay_liquid_box, minmay_crystal_water
D:3:      first_bread, cheibrodos_gnoll_hut

Action                   |  1- 3 |  4- 6 || total
-------------------------+-------+-------++-------
Melee: Unarmed           |   151 |    19 ||   170
Throw: Stone             |    47 |     9 ||    56
 Cast: Beastly Appendage |    12 |     1 ||    13
       Spider Form       |       |     1 ||     1
  Use: Scroll            |     2 |       ||     2
       Potion            |     2 |     1 ||     3
  Eat: Chunk             |     4 |     1 ||     5
